 Dungeon Crawl Stone Soup version 0.29.1-15-g9cfb28693d (webtiles) character file.

Game seed: 486225125284757165

665 croobank the Covert (level 7, 0/49 HPs)
             Began as an Octopode Delver on Mar 13, 2023.
             Killed by divine providence
             ... invoked by an orc priest
              (10 damage)
             ... on level 5 of the Dungeon.
             The game lasted 00:12:10 (4995 turns).

croobank the Covert (Octopode Delver)               Turns: 4995, Time: 00:12:11

Health: 0/49       AC:  0    Str: 12    XL:     7   Next: 57%
Magic:  10/10      EV: 15    Int: 14    God:
Gold:   193        SH:  0    Dex: 13    Spells: 10/10 levels left

rFire   . . .      SeeInvis .   (weapon currently unavailable)
rCold   . . .      Faith    .   (shield currently unavailable)
rNeg    . . .      Spirit   .   (helmet currently unavailable)
rPois   .          Reflect  .   (no amulet)
rElec   .          Harm     .   (ring currently unavailable)
rCorr   .          Rampage  .   (ring currently unavailable)
Will    .....                   (ring currently unavailable)
Stlth   ++++......              (ring currently unavailable)
HPRegen 0.16/turn               (ring currently unavailable)
MPRegen 0.12/turn               (ring currently unavailable)
                                (ring currently unavailable)
                                (ring currently unavailable)

@: pig-form, hasted, very quick
A: fast, no casting, almost no armour, (amphibious), (8 rings), small,
(camouflage 1), (gelatinous body 1), (nimble swimmer 1), (tentacles)
a: no special abilities


You were on level 5 of the Dungeon.
You were a filthy swine.
You visited 2 branches of the dungeon, and saw 7 of its levels.

You collected 193 gold pieces.

Inventory:

Hand Weapons
 a - a +2 short sword of speed (melded)
 b - a +5 sling
 i - a +0 hand axe
 w - a +3 dagger of venom
Missiles
 j - 3 boomerangs (quivered)
 p - 12 poisoned darts
 v - 6 datura-tipped darts
 E - 2 javelins
Magical Staves
 l - a staff of cold
 x - a staff of fire
 y - a staff of death
Jewellery
 k - a ring of fire
 n - a ring of wizardry (melded)
Wands
 d - a wand of quicksilver (10)
 f - a wand of digging (3)
Scrolls
 c - 3 scrolls of magic mapping
 g - 2 scrolls of identify
 q - a scroll of fog
 B - 3 scrolls of enchant weapon
 C - a scroll of vulnerability {unknown}
 D - a scroll of teleportation {unknown}
Potions
 e - 5 potions of curing
 h - a potion of lignification
 o - a potion of heal wounds {unknown}
 r - a potion of flight {unknown}
 s - a potion of cancellation {unknown}
 t - a potion of resistance {unknown}
 z - a potion of attraction
 A - a potion of might


   Skills:
 + Level 4.6 Fighting
 + Level 2.6 Short Blades
 - Level 2.8 Axes
 + Level 1.6 Ranged Weapons
 + Level 4.0 Dodging
 + Level 8.4 Stealth
 + Level 2.3 Spellcasting


You had 10 spell levels left.
You didn't know any spells.
Your spell library was empty.

Dungeon Overview and Level Annotations

Branches:
Dungeon (6/15)             Temple (1/1) D:5

Altars:
Cheibriados
Dithmenos
Elyvilon
Hepliaklqana
Okawaru
Qazlal
Ru
Sif Muna
Trog
Vehumet
Wu Jian
Xom
Yredelemnul
The Shining One


Innate Abilities, Weirdness & Mutations

You are a filthy swine.
You move quickly.
Your equipment is almost entirely melded.
You are incapable of wielding weapons or throwing items.
You cannot cast spells.
You cannot wear most types of armour.
((You are amphibious.))
((You can wear up to eight rings at the same time.))
((Your skin changes colour to match your surroundings (Stealth+).))
((Your rubbery body absorbs attacks. (AC +1, EV +1)))
((You are camouflaged when in or above water. (Stealth+)))
((You have tentacles for arms and can constrict up to eight enemies at once.))


Message History

You hear a shout!
The orc priest closely misses you. The orc misses you.
The orc priest shouts!
You hit the orc priest but do no damage.
The orc priest is almost dead.
The orc priest closely misses you. The orc misses you.
You closely miss the orc priest.
The orc priest is almost dead.
You hit the orc priest but do no damage.
The orc priest is almost dead.
The orc closely misses you.
The orc priest invokes the aid of Beogh against you.
Beogh smites you!
You hit the orc priest but do no damage.
The orc priest is almost dead.
The orc completely misses you.
The orc priest invokes the aid of Beogh against you.
Beogh smites you!
You hit the orc priest.
You kill the orc priest!
Your Dodging skill increases to level 4!
Really quaff the potion of lignification?
You are stuck in your current form!
You barely miss the orc. The orc misses you. x2
You feel better.
The orc hits you with a +0 hand axe of freezing!
The orc freezes you. The orc misses you.
The orc priest zaps a wand.
The puff of flame misses you.
You feel yourself speed up. The orc misses you.
The orc priest hits you with a +0 dagger.
The orc hits you with a +0 hand axe!
* * * LOW HITPOINT WARNING * * *
You feel better.
The orc hits you with a +0 hand axe of freezing!
* * * LOW HITPOINT WARNING * * *
The orc freezes you.
* * * LOW HITPOINT WARNING * * *
The orc priest invokes the aid of Beogh against you.
Beogh smites you!
You die...

....##.......##.##...##...
. #........#)..###.##...
.......#######>[.........
...###..# ##..[.....##.#.
#.. ...## ##....####.##...
# ...#.####.....# #......
..........###.# #......
....##oo..[...# #######
......oh....###
..#####...### #...# .
.#.#...... ...## ..
.......... #...#
.##>...).... #...#
.#..........) ...##
............. ...#
.....o....... ..


You could see an orc priest and 2 orcs.

Vanquished Creatures
  Sigmund (D:2)
  An ice beast (D:4)
  An ogre (D:4)
  A scorpion (D:4)
  A howler monkey (D:4)
  2 orc priests (D:5)
  An orc wizard (D:5)
  Robin (D:2)
  3 adders
  A white imp (D:5)
  2 worms
  2 dart slugs
  8 orcs
  3 bats (D:1)
  5 endoplasms
  2 giant cockroaches
  10 goblins
  7 hobgoblins
  2 jackals (D:1)
  3 quokkas
  6 ball pythons
  2 frilled lizards
  8 kobolds
  4 rats
77 creatures vanquished.

Vanquished Creatures (others)
  4 plants (D:5)
4 creatures vanquished.

Grand Total: 81 creatures vanquished

Notes
Turn   | Place    | Note
-------+----------+-------------------------------------------
     0 | D:5      | croobank the Octopode Delver began the quest for the Orb.
     0 | D:5      | Reached XP level 1. HP: 16/16 MP: 1/1
    30 | Temple   | Entered the Ecumenical Temple
   162 | D:5      | Reached XP level 2. HP: 6/21 MP: 2/2
   470 | D:5      | Reached skill level 7 in Stealth
   470 | D:5      | Reached XP level 3. HP: 10/26 MP: 3/3
   476 | D:5      | HP: 1/26 [orc priest/nerve-wracking pain (4)]
   479 | D:5      | Reached XP level 4. HP: 1/31 MP: 4/4
   824 | D:4      | Noticed an ice beast
   872 | D:4      | Noticed an ogre
  1139 | D:2      | Noticed Sigmund
  1147 | D:2      | Killed Sigmund
  1148 | D:2      | Reached skill level 1 in Short Blades
  1148 | D:2      | Reached skill level 1 in Spellcasting
  1148 | D:2      | Reached XP level 5. HP: 18/37 MP: 4/7
  1148 | D:2      | Reached XP level 6. HP: 21/43 MP: 4/8
  1989 | D:1      | Found a faded altar of an unknown god.
  2233 | D:2      | Noticed Robin
  2252 | D:2      | Killed Robin
  3839 | D:4      | Found a bloodstained altar of Trog.
  3853 | D:4      | Found a white marble altar of Elyvilon.
  3857 | D:4      | Reached skill level 8 in Stealth
  3897 | D:4      | Found a basalt altar of Yredelemnul.
  4089 | D:4      | Killed an ice beast
  4090 | D:4      | Reached skill level 1 in Ranged Weapons
  4090 | D:4      | Reached XP level 7. HP: 24/49 MP: 8/10
  4995 | D:5      | Killed from afar by an orc priest

Illustrated notes

Levels and vault maps discovered:
D:1:      tarquinn_simple_flora_water_b, layout_rooms,
          dilly_ecumenical_altar_fadedgnrine
D:2:      layout_basic, uniq_sigmund, uniq_robin
D:3:      layout_basic, minmay_fountain_box
D:4:      layout_loops_cross, nicolae_overflow_crystal_walls,
          lemuel_doored_altar, kennysheep_mini
D:5:      layout_rooms, minmay_temple_entry_gardened_gates,
          minmay_misc_feat_roman, hangedman_abyss_or_decor_lesser_grid
D:6:      layout_layer_cave, nicolae_fountain_basement
Temple:   jpeg_temple_clearing

Skill      XL: |  1  2  3  4  5  6  7 |
---------------+----------------------+-----
Stealth        | 7 8 |  8.4
Fighting       | 4 |  4.6
Short Blades   | 1 2 |  2.6
Dodging        | 3 4 |  4.0
Spellcasting   | 1 2 |  2.3
Ranged Weapons | 1 |  1.6
Axes           | |  2.8

Action                   |  1- 3 |  4- 6 |  7- 9 || total
-------------------------+-------+-------+-------++-------
Melee: Hand axe          |    25 |    11 |       ||    36
       Tentacles         |     8 |    23 |     4 ||    35
       Constrict         |     7 |    18 |     1 ||    26
       Short sword       |       |    95 |     9 ||   104
       Unarmed           |       |       |     7 ||     7
 Fire: Sling             |       |    33 |    19 ||    52
  Use: Potion            |     1 |       |     3 ||     4
       Scroll            |       |     6 |     2 ||     8
 Stab: Sleeping          |     1 |    22 |     1 ||    24
Armor: Skin              |       |     6 |       ||     6
Dodge: Dodged            |    12 |    34 |    19 ||    65
